Cogmind - Beta 17 *** ADVENTURER MODE // 2026.08.21 @ 08:10:10 Player: Limbermonkey Result: Destroyed by D-53 Grenadier with Mini Grenade Launcher Performance ------------- Evolutions (0) 0 Regions Visited (0) 0 Robots Destroyed (0) 0 Value Destroyed (0) 0 Prototype IDs (0) 0 Alien Tech Used (0) 0 Bonus (0) 0 TOTAL SCORE: 0 Bonus ------- None Cogmind --------- Core Integrity 0/250 Matter 270/300 Energy 99/100 System Corruption 0% Temperature Cool (0) Movement Core (100) Ox1 Location -11/Scrapyard Parts ------- > --- POWER (1) -------- (None) > --- PROPULSION (2) --- (None) > --- UTILITY (2) ------ Small Storage Unit > --- WEAPON (2) ------- (None) > --- INVENTORY (8) ---- Ion Engine Aluminum Leg Wheel Compact Wheel Medium Laser Small Laser Light Assault Rifle Peak State ------------ > --- POWER ------------ Light Ion Engine > --- PROPULSION ------- Light Treads Compact Wheel > --- UTILITY ---------- Small Storage Unit > --- WEAPON ----------- (None) > --- INVENTORY -------- Ion Engine Light Treads Aluminum Leg Wheel Medium Laser Small Laser Light Assault Rifle [Rating: 4] Favorites ----------- Power Light Ion Engine Engine Light Ion Engine Propulsion Compact Wheel Treads Light Treads Wheel Compact Wheel Utility Small Storage Unit Storage Small Storage Unit Weapon None Build | -11 ------- Run | Yrd Slots Evolved . | . Power . | . Propulsion . | . Utility . | . Weapon . | . Parts Attached 5 | 5 Power 1 | 1 Engine 1 | 1 Core . | . Reactor . | . Propulsion 3 | 3 Treads 2 | 2 Leg . | . Wheel 1 | 1 Hover . | . Flight . | . Utility 1 | 1 Device . | . Storage 1 | 1 Processor . | . Hackware . | . Protection . | . Artifact . | . Weapon . | . Energy Gun . | . Energy Cannon . | . Ballistic Gun . | . Ballistic Cannon . | . Launcher . | . Special Weapon . | . Impact Weapon . | . Slashing Weapon . | . Piercing Weapon . | . Special Melee Weapon . | . Unidentified Prototypes . | . Parts Lost 3 | 3 Power 1 | 1 Propulsion 2 | 2 Utility . | . Weapon . | . Highest Loss Streak 3 | 3 To Critical Strikes . | . Average Backups 7 | 7 Power . | . Propulsion 3 | 3 Utility . | . Weapon 2 | 2 Tool/Special . | . Unused Backups 6 | 6 Power 1 | 1 Propulsion 2 | 2 Utility . | . Weapon 3 | 3 Tool/Special . | . Average Slot Usage (%) . | . Peak Build Rating 4 | 4 Average Rating 2 | 2 On Entrance . | . Avg Prop Armor Cover (%) . | . Naked Turns . | . Heaviest Build 8 | 8 Greatest Support 40 | 40 Greatest Overweight (x) 1 | 1 Average Overweight (x) . | . Largest Inventory Capacity 8 | 8 Average Capacity 7 | 7 Most Carried 8 | 8 Average Carried 7 | 7 Final Capacity 8 | 8 Final Carried 7 | 7 Class Distribution -------------------- None Dominant Class ---------------- None Resources | -11 ----------- Run | Yrd Matter Collected 205 | 205 Remotely . | . Salvage Created . | . Parts . | . Haulers Intercepted . | . Recyclers Shooed . | . Parts Field Recycled . | . Retrieved Matter . | . Parts Self-Destructed . | . Prevented . | . Parts Restored . | . Kills | -11 ------- Run | Yrd Combat Hostiles Destroyed . | . Classes Destroyed . | . Best Kill Streak . | . Combat Bots Only . | . Max Kills in Single Turn . | . Gunslinging . | . Exploded . | . Melee . | . Uniques/NPCs Destroyed . | . Combat | -11 -------- Run | Yrd Hostile Shots Fired 20 | 20 Missed 2 | 2 Hits 18 | 18 Projectile 18 | 18 AOE 20 | 20 Damage Taken 626 | 626 Core 263 | 263 Absorbed by Shields . | . Ignored by Resistances 170 | 170 Core Remaining (%) . | . Volleys Fired . | . Largest . | . Hottest . | . Shots Fired . | . Gun . | . Cannon . | . Launcher . | . Special . | . Kinetic . | . Thermal . | . Explosive . | . Electromagnetic . | . Robot Hit Streak . | . Robot Miss Streak . | . Penetration Max . | . Secondary Targets . | . Shots Hit Robots . | . Core Hits . | . Critical Kills . | . Critical Parts Destroyed . | . Critical Strikes . | . Melee Attacks . | . Impact . | . Slashing . | . Piercing . | . Sneak Attacks . | . Combat Hostiles . | . Follow-up Attacks . | . Damage Inflicted . | . Guns . | . Cannons . | . Explosions . | . Melee . | . Ramming . | . Kinetic . | . Thermal . | . Explosive . | . Electromagnetic . | . Impact . | . Slashing . | . Piercing . | . Highest Corruption . | . Average Corruption . | . Corruption Purged . | . Corruption Blocked . | . Overload Shots . | . Overflow Damage . | . Projectiles . | . Explosions . | . Melee . | . Knockbacks . | . Impact . | . Kinetic . | . Secondary . | . Self-Inflicted Damage . | . Shots . | . Rammed . | . Targets Rammed . | . Kicked . | . Crushed . | . Highest Temperature . | . Average Temperature . | . Received Heat Transfer . | . Siege Activations . | . Martial Activations . | . Shielding Activations . | . Robots Disrupted . | . Combat Hostiles . | . Robots Corrupted . | . Combat Hostiles . | . Parts Fried . | . Impact Corruptions . | . Robots Melted . | . Combat Hostiles . | . Parts Melted . | . Heat Transferred . | . Parts Sabotaged . | . Parts Stolen . | . Parts Stripped . | . Power Chain Reactions . | . Alert | -11 ------- Run | Yrd Maximum Alert Level . | . Low Security (%) 100 | 100 Level 1 . | . Level 2 . | . Level 3 . | . Level 4 . | . Level 5 . | . High Security . | . Max Security . | . Peak Influence . | . Initial . | . Average . | . Influence Increases . | . Influence Decreases . | . Squads Dispatched . | . Investigation . | . Extermination . | . Reinforcement . | . Assault . | . Garrison . | . Intercept . | . Searches Triggered . | . Construction Impeded . | . Haulers Reinforced . | . Active Scanning Responses . | . Cargo Convoy Interrupts . | . Stealth | -11 --------- Run | Yrd Distress Signals . | . Communications Jammed . | . Distress Signals . | . Times Spotted 2 | 2 Peak Tracking Total 2 | 2 Tactical Retreats . | . Traps | -11 ------- Run | Yrd Traps Triggered . | . Indirectly . | . Trap Hack Attempts . | . Triggered . | . Disarmed . | . Reprogrammed . | . Reused . | . Traps Extracted . | . Installed . | . Triggered . | . Machines | -11 ---------- Run | Yrd Machines Disabled . | . Max in Single Turn . | . Machines Repaired . | . Machines Dismantled . | . Machines Sabotaged . | . Overloaded Fab Kills . | . Hacking | -11 --------- Run | Yrd Machines Accessed . | . Terminals . | . Fabricators . | . Repair Stations . | . Recycling Units . | . Scanalyzers . | . Garrison Access . | . Total Hacks . | . Successful . | . Failed . | . Catastrophic . | . Database Lockouts . | . Manual . | . Terminals . | . Fabricators . | . Repair Stations . | . Recycling Units . | . Scanalyzers . | . Garrison Access . | . Terminal Hacks . | . Fabricator Hacks . | . Repair Station Hacks . | . Recycling Unit Hacks . | . Scanalyzer . | . Garrison Access Hacks . | . Unauthorized Hacks . | . Terminals . | . Fabricators . | . Repair Stations . | . Recycling Units . | . Scanalyzers . | . Garrison Access . | . Data Cores Recovered . | . Used . | . Hacking Detections . | . Full Trace Events . | . Feedback Events . | . Feedback Blocked . | . Robot Schematics Acquired . | . Robots Built . | . Authchips . | . Time . | . Total Robot Build Rating . | . Part Schematics Acquired . | . Parts Built . | . Authchips . | . Time . | . Total Part Build Rating . | . Part Studies Acquired . | . Parts Repaired . | . Time . | . Parts Recycled . | . Recycled Matter . | . Retrieved Matter . | . Retrieved Components . | . Parts Scanalyzed . | . Part Schematics Acquired . | . Parts Damaged . | . Bothacking | -11 ------------ Run | Yrd Used RIF Installer . | . Robots Hacked . | . Non-combat . | . Combat . | . Robot Hacks Applied . | . Relay Couplers Released . | . Fabnet Peak Effective % . | . Robots Rewired . | . Allies Hacked . | . Hacks Repelled . | . Allies | -11 -------- Run | Yrd Total Allies . | . Largest Group . | . Highest-Rated Group . | . Highest-Rated Ally . | . Total Orders . | . Ally Attacks . | . Total Damage . | . Kills . | . Allies Corrupted . | . Allies Melted . | . Intel | -11 ------- Run | Yrd Active Infowar (turns) . | . Robot Analysis Total . | . Derelict Logs Recovered . | . Drone Launches . | . Drone Recoveries . | . Exploration | -11 ------------- Run | Yrd Turns Passed 1058 | 1058 Spaces Moved 67 | 67 Core 6 | 6 Treads 11 | 11 Legs . | . Wheels 50 | 50 Hover . | . Flight . | . Fastest Speed 50 | 50 Average Speed 108 | 108 Slowest Speed 160 | 160 Overloaded Moves . | . Propulsion Burnouts . | . Robots Hopped . | . Potential Cave-ins . | . Cave-ins Triggered . | . Exploration Rate (%) 15 | 15 Regions Visited . Branch Regions . Pre-discovered Areas . | . Known Exits Taken . | . Unknown Exits Taken . | . Scrap Searched . | . Spaces Dug . | . Terrain Destroyed . | . Melee . | . Projectile . | . AOE . | . Terrain Rammed . | . Walls Destroyed . | . Machines Disabled . | . Actions | -11 --------- Run | Yrd Total 1051 | 1051 Wait 970 | 970 Move 67 | 67 Hop . | . Pick Up 9 | 9 Fast Attach 2 | 2 Attach 2 | 2 Detach . | . Swap 1 | 1 Drop . | . Fire . | . Melee . | . Ram . | . Kick . | . Crush . | . Escape Stasis . | . Rewire . | . Trap . | . Miscellaneous . | . Route ------- -11/Scrapyard (discovered 1 exit: [*Mat]) History --------- Turn | Location | Event 14 | -11/Scrapyard | Discovered new exit (range 15) 1030 | -11/Scrapyard | Assembled infested the area 1049 | -11/Scrapyard | Core integrity fell below 50% 1059 | -11/Scrapyard | Core integrity fell below 20% 1059 | -11/Scrapyard | Destroyed by D-53 Grenadier with Mini Grenade Launcher Last Messages --------------- 00138_ K-01 Serf collects debris. 00141_ T-07 Excavator is excavating. 00144_ K-01 Serf collects debris. 00145_ T-07 Excavator is excavating. 00147_ K-01 Serf collects debris. 00207_ T-07 Excavator is excavating. 00308_ K-01 Serf collects debris. 01019_ Acquired 68 matter. 01023_ Acquired 59 matter. 01030_ ALERT: Infestation in the scrapyard, dispatching Demolisher response squad. [Achievement: Curiosity Killed The Cat] 01037_ C-45 Heavy ARC bursts open, deploying its payload. 01037_ D-53 Grenadier unfolds itself. 01042_ Lgt. Ion Engine destroyed. 01049_ The unstable cave ceiling collapses. 01055_ Lgt. Treads destroyed. 01057_ The unstable cave ceiling collapses. 01057_ Lgt. Treads destroyed. Map ----- +----------------------------------------------------+ | ?????????????????????????????????????????????????? | | ?????????????????????????????????????????????????? | | ?????????????????????????????????????????????????? | | ?????????????????????????????????????????????????? | | ?????????????????????????????????????????????????? | | ??????????????????? ?????????????????????????????? | | ??????????????????? ?????????????????????????????? | | ????????????####??? ?????????????????????????????? | | ???????????## ??? ###########??????????????????? | | ??????????? ??? # #??????????????????? | | ??????????? ??? # #??????????????????? | | ????????????# ??# # #???#??????????????? | | ?????????????# ??# # #?? #??????????????? | | ?????????????# ### # #?? ###????????????? | | ?????????????# # ## # #????????????? | | ?????????????# # ?????????????? | | ?????????????# #??????????????? | | ?????????????# # #??????????????? | | ?????????????# #??????????????? | | ?????????????# #??????????????? | | ?????????????# #??????????????? | | ?????????????# d ##??????????????? | | ?????????????#r d # ######??????????? | | ?????????????# #??????????? | | ?????????????# #??????????? | | ??????????####"%#### @ #??????????? | | #######???# # #??????????? | | #???# # #??????????? | | #???# # #??????????? | | ##### # #??????????? | | = #############??????????? | | ### ####??????????????????????? | | ##### < #? ????????????????????????? | | #???# # ???????????????????????? | | #???########## ?? ??????????????????????? | | # ####????????????# ?????????????????????????? | | # #???????????????# ????????????????????????????? | | ###????????????????# ????????????????????????????? | | ???????????????????#?????????????????????????????? | | ?????????????????????????????????????????????????? | | ?????????????????????????????????????????????????? | | ?????????????????????????????????????????????????? | | ?????????????????????????????????????????????????? | | ?????????????????????????????????????????????????? | | ?????????????????????????????????????????????????? | | ?????????????????????????????????????????????????? | | ?????????????????????????????????????????????????? | | ?????????????????????????????????????????????????? | | ?????????????????????????????????????????????????? | | ?????????????????????????????????????????????????? | +----------------------------------------------------+ Best States ------------- Heat Dissipation 25 Energy Generation 10 Energy Capacity 125 Matter Stores 275 Matter Capacity 300 Sight Range 16 Terrain Scan Density 10 Resistance: KI 20 Resistance: TH 20 Resistance: EX 20 Resistance: EM 20 Resistance: I 20 Resistance: S 20 Resistance: P 20 Evasion (%) 40 Recoil Reduction 2 Offensive Hacking 10 Item Schematics ----------------- None Robot Schematics ------------------ None Fabricated ------------ Nothing Repaired ---------- Nothing Studied --------- None Alien Tech Used ----------------- None Achievements -------------- Curiosity Killed The Cat Challenges ------------ None Game ------ Seed ThunderGhostTreads Manual? 0 Play Time 00:05:12 Cumulative 23.3 hours Start 2026.08.21 @ 08:06:38 End 2026.08.21 @ 08:10:10 Sessions 0 Manual Loads 0 Difficulty Adventurer Special Mode None Game No. 17 Rogue 0 Adventurer 17 Explorer 0 Win Type - Total 0 Types 0/0/0/0/0/0/0/0/0/0 Lore% 12 Gallery% 19 Achievement% 17 Wizard Run 0 Options --------- Layout 1 ASCII 0 Keyboard 0 Movement Numpad Keybinds 0 Fullscreen 1 Font 48/Smallcaps Map View 50x35 Zoom Use 0% Tactical HUD 1 Map Filters NONE Filters NONE Steam 1 RUN: 55d5f1a4-b8f0-4f01-9e39-03161a382cf7